 Dungeon Crawl Stone Soup version 0.20.0-14-g326068f (webtiles) character file.

12576 vatarom the Stormcaller (level 11, -2/54 HPs)
             Began as a Tengu Air Elementalist on June 8, 2017.
             Was an Elder of Sif Muna.
             Killed from afar by skittles's ghost (14 damage)
             ... with a bolt of fire
             ... on level 11 of the Dungeon.
             The game lasted 00:38:34 (14872 turns).

vatarom the Stormcaller (Tengu Air Elementalist)   Turns: 14872, Time: 00:38:35

Health: -2/54      AC:  9    Str:  6    XL:     11   Next: 95%
Magic:  22/34      EV: 12    Int: 18    God:    Sif Muna [****..]
Gold:   814        SH:  0    Dex: 14    Spells: 2/28 levels left

rFire    + . .     SeeInvis .   o - +2 quarterstaff (chaos)
rCold    + + .     Gourm    .   (shield currently unavailable)
rNeg     . . .     Faith    .   Q - +1 robe of the Beggar {rF+ rC+ Str-4}
rPois    +         Spirit   .   (helmet restricted)
rElec    .         Reflect  .   p - +2 cloak {MR+}
rCorr    .         Harm     .   j - +1 pair of gloves {archery}
MR       +....     Clarity  +   (boots unavailable)
Stlth    ++........             a - amulet of regeneration
Regen    0.6/turn               e - ring of wizardry
MPRegen  0.3/turn               n - ring of magical power

@: divine energy
A: beak, talons 3, clarity, cold resistance 1, poison resistance, shaggy fur 1,
able to fly 1
a: Fly, Stop Divine Energy, Channel Magic, Forget Spell, Renounce Religion


You were on level 11 of the Dungeon.
You worshipped Sif Muna.
Sif Muna was greatly pleased with you.
You were full.

You visited 2 branches of the dungeon, and saw 12 of its levels.
You also visited: Sewer.

You collected 814 gold pieces.

Inventory:

Hand Weapons
 g - a +1 dagger
 o - a +2 quarterstaff of chaos (weapon)
 r - a +4 spear
 x - a +2 dagger of venom
 G - the +7 sceptre of Torment
   (You acquired it on level 7 of the Dungeon)
Armour
 j - a +1 pair of gloves of archery (worn)
 k - a cursed +0 robe
 p - a +2 cloak of magic resistance (worn)
 Q - the +1 robe of the Beggar (worn) {rF+ rC+ Str-4}
   (You found it on level 10 of the Dungeon)

   It affects your strength (-4).
   It protects you from fire.
   It protects you from cold.
Jewellery
 a - an amulet of regeneration (around neck)
 e - a ring of wizardry (left hand)
 l - an uncursed ring of protection from magic
 n - a ring of magical power (right hand)
Wands
 f - a wand of digging (12/24)
 m - a wand of digging (24/24)
 t - a wand of polymorph (12/24)
 H - a wand of iceblast (7/15)
 K - a wand of confusion (8/48)
 L - a wand of acid (9/15)
 O - a wand of lightning (6/15)
Scrolls
 c - a scroll of blinking
 d - 4 scrolls of remove curse
 h - 4 scrolls of enchant weapon
 i - 4 scrolls of enchant armour
 q - 3 scrolls of fog
 v - 2 scrolls of fear
 F - 3 scrolls of amnesia
Potions
 s - 2 potions of berserk rage
 z - a potion of might
 A - a potion of haste
 D - 2 potions of magic
 P - a potion of resistance
Books
 b - a book of Air

   Spells                             Type                      Level
   a - Shock                          Conjuration/Air              1
   b - Swiftness                      Charms/Air                   2
   c - Static Discharge               Conjuration/Air              3
   d - Airstrike                      Air                          4
   e - Lightning Bolt                 Conjuration/Air              5
 M - Sif Muna's Volume of the Icy Arsonist
   (Sif Muna gifted it to you on level 10 of the Dungeon)

   Spells                             Type                      Level
   a - Inner Flame                    Hexes/Fire                   3
   b - Fireball                       Conjuration/Fire             5
   c - Bolt of Fire                   Conjuration/Fire             6
   d - Freezing Cloud                 Conjuration/Ice/Air          6
 N - a book of Minor Magic

   Spells                             Type                      Level
   a - Magic Dart                     Conjuration                  1
   b - Blink                          Translocation                2
   c - Call Imp                       Summoning                    2
   d - Slow                           Hexes                        2
   e - Conjure Flame                  Conjuration/Fire             3
   f - Mephitic Cloud                 Conjuration/Poison/Air       3
Comestibles
 u - 10 fruits
 J - 2 royal jellies


   Skills:
 - Level 2.1 Dodging
 - Level 2.0 Stealth
 - Level 9.1 Spellcasting
 + Level 10.9 Conjurations
 + Level 15.2 Air Magic
 - Level 6.3 Invocations


You had 2 spell levels left.
You knew the following spells:

 Your Spells              Type           Power        Failure   Level  Hunger
a - Shock                 Conj/Air       ####         1%          1    None
b - Swiftness             Chrm/Air       #####...     1%          2    None
c - Static Discharge      Conj/Air       ######..     1%          3    None
d - Airstrike             Air            ######....   1%          4    ###....
e - Lightning Bolt        Conj/Air       ######....   1%          5    #####..
f - Mephitic Cloud        Conj/Pois/Air  #####...     1%          3    None
g - Blink                 Tloc           N/A          5%          2    None
h - Freezing Cloud        Conj/Ice/Air   #####.....   16%         6    ######.


Dungeon Overview and Level Annotations

Branches:
Dungeon (11/15)            Temple (1/1) D:5            Lair (0/6) D:8
    Orc (0/2) D:10

Altars:
Ashenzari
Cheibriados
Dithmenos
Elyvilon
Fedhas
Gozag
Hepliaklqana
Kikubaaqudgha
Makhleb
Nemelex Xobeh
Okawaru
Qazlal
Ru
Sif Muna
Trog
Uskayaw
Vehumet
Xom
Yredelemnul
Zin
The Shining One

Annotations:
D:9 Psyche
D:10 Monsterracer's ghost, journeyman DDEE
D:11 skittles's ghost, journeyman DrFE


Innate Abilities, Weirdness & Mutations

You have a beak for a mouth.
You have claws for feet.
You can fly.
You possess an exceptional clarity of mind.
Your flesh is cold resistant. (rC+)
Your system is resistant to poisons. (rPois)
You are covered in fur. (AC +1)


Message History

Skittles's ghost hits you but does no damage.
You are poisoned.
You feel sick.
Found an escape hatch in the floor.
Skittles's ghost points at you and mumbles some strange words.
The bolt of magma hits you! You partially resist.
* * * LOW HITPOINT WARNING * * *
Unknown command.
You feel better.
You are unable to access your magic!
Drop what? 37/52 slots (_ for help) (? for menu, Esc to quit)
Okay, then.
You are unable to access your magic!
There isn't anything here!
Unknown command.
You feel less invigorated.
You regain access to your magic.
Skittles's ghost gestures at you while chanting.
The bolt of fire hits you! You resist.
You die...

#.. ...... #..#......#
#####..........
........#....#..#######
......................#
>........#..#.........#
......................#
.......@..##..........##
........).............##
.......W.#..#.........'.
......................##
........#....#........#
.................#'####
.......#......#.##..#
#.####..!.......###.# #.
############ .#


You could see skittles's ghost.

Vanquished Creatures
  Josephine (D:10)
  5 two-headed ogres
  A troll (D:9)
  Grinder (D:3)
  A hornet (D:11)
  3 hippogriffs
  7 wraiths
  A wyvern (D:8)
  A vampire (D:11)
  Sigmund (D:3)
  3 yaks (D:9)
  Eustachio (D:5)
  A hungry ghost (D:8)
  A steam dragon (D:10)
  Edmund (D:4)
  2 ice beasts
  Duvessa (D:5)
  5 orc warriors
  3 phantoms
  2 black bears
  4 sky beasts
  4 ogres
  8 centaurs
  A crocodile (D:9)
  Blork the orc (D:4)
  A big kobold (D:7)
  5 bullfrogs
  2 scorpions
  Dowan (D:5)
  4 killer bees (D:8)
  A howler monkey (D:10)
  6 crimson imps
  2 bullfrog zombies
  4 hounds
  A quasit (D:9)
  2 jellies
  7 orc priests
  Crazy Yiuf (D:3)
  A bullfrog skeleton (D:5)
  Jessica (D:3)
  2 iguanas (D:6)
  8 orc wizards
  6 worker ants
  A killer bee zombie (D:5)
  2 hound skeletons
  A worker ant zombie (D:8)
  10 gnolls
  A howler monkey skeleton (D:5)
  20 adders
  4 river rats (Sewer)
  3 oozes
  5 worms
  A dart slug (D:5)
  7 leopard geckos
  29 orcs
  2 bats
  5 giant cockroaches
  7 goblins
  8 hobgoblins
  7 jackals
  7 kobolds
  7 quokkas
  10 ball pythons (Sewer)
  5 frilled lizards
  A leopard gecko zombie (D:5)
  2 quokka skeletons
  30 rats
290 creatures vanquished.

Notes
Turn   | Place    | Note
-------+----------+-------------------------------------------
     0 | D:1      | vatarom the Tengu Air Elementalist began the quest for the Orb.
     0 | D:1      | Reached XP level 1. HP: 10/10 MP: 4/4
   291 | D:1      | Reached XP level 2. HP: 13/15 MP: 0/6
   343 | D:1      | Learned a level 2 spell: Swiftness
   726 | D:2      | Reached XP level 3. HP: 13/19 MP: 2/7
   731 | D:2      | Learned a level 3 spell: Static Discharge
   916 | D:2      | Found a shadowy altar of Dithmenos.
  1204 | D:2      | Reached skill level 5 in Air Magic
  1409 | D:2      | Reached XP level 4. HP: 22/24 MP: 1/8
  1814 | D:2      | Found a glowing silver altar of Zin.
  1931 | D:3      | Noticed Grinder
  1941 | D:3      | Paralysed by Grinder for 4 turns
  1951 | D:2      | Gained mutation: You can fly. [Tengu growth]
  1951 | D:2      | Reached XP level 5. HP: 5/28 MP: 0/9
  2267 | D:3      | Reached skill level 5 in Conjurations
  2354 | D:3      | Noticed Sigmund
  2375 | D:3      | Killed Sigmund
  2375 | D:3      | Reached skill level 6 in Air Magic
  2375 | D:3      | Reached XP level 6. HP: 24/32 MP: 1/10
  2803 | D:3      | Found a runed door.
  2846 | D:3      | Noticed Crazy Yiuf
  2848 | D:3      | Killed Crazy Yiuf
  2983 | D:3      | Killed Grinder
  2983 | D:3      | Reached XP level 7. HP: 36/36 MP: 2/11
  3043 | D:3      | Noticed Jessica
  3046 | D:3      | Killed Jessica
  3202 | D:4      | Found a white marble altar of Elyvilon.
  3281 | D:4      | Learned a level 4 spell: Airstrike
  3368 | D:4      | Found a deep blue altar of Sif Muna.
  3387 | D:4      | Noticed Blork the orc
  3395 | D:4      | Killed Blork the orc
  3395 | D:4      | Reached skill level 7 in Air Magic
  3403 | D:4      | Became a worshipper of Sif Muna the Loreminder
  3840 | D:4      | Found a shattered altar of Ashenzari.
  3939 | D:4      | Noticed Edmund
  3947 | D:4      | Killed Edmund
  4081 | D:4      | Reached XP level 8. HP: 30/41 MP: 4/12
  4286 | D:4      | Reached skill level 8 in Air Magic
  4418 | D:5      | Entered Level 5 of the Dungeon
  4442 | D:5      | Reached * piety under Sif Muna
  4562 | D:5      | Noticed Dowan
  4563 | D:5      | Noticed Duvessa
  4568 | D:5      | Killed Dowan
  4708 | D:5      | Found a staircase to the Ecumenical Temple.
  4736 | D:5      | Found a glowing drain.
  4751 | Sewer    | Entered a sewer
  5120 | Sewer    | Learned a level 5 spell: Lightning Bolt
  5526 | D:5      | Killed Duvessa
  5526 | D:5      | Reached skill level 5 in Spellcasting
  5526 | D:5      | Reached skill level 9 in Air Magic
  5739 | D:5      | Noticed Eustachio
  5748 | D:5      | Killed Eustachio
  5977 | D:5      | Reached ** piety under Sif Muna
  5977 | D:5      | Reached XP level 9. HP: 45/45 MP: 18/18
  6384 | Temple   | Entered the Ecumenical Temple
  6665 | D:6      | Reached skill level 10 in Air Magic
  7210 | D:6      | Found a shattered altar of Ashenzari.
  7604 | D:6      | Reached *** piety under Sif Muna
  7617 | D:6      | Found a glowing golden altar of the Shining One.
  7659 | D:7      | Reached skill level 11 in Air Magic
  7755 | D:7      | Found an iron altar of Okawaru.
  7967 | D:7      | Reached skill level 10 in Conjurations
  7967 | D:7      | Reached XP level 10. HP: 50/50 MP: 9/21
  8259 | D:7      | Identified a scroll of acquirement
  8449 | D:7      | Found a blossoming altar of Fedhas.
  8640 | D:8      | Noticed a two-headed ogre
  8644 | D:8      | Killed a two-headed ogre
  8644 | D:8      | Reached skill level 12 in Air Magic
  8802 | D:8      | Reached **** piety under Sif Muna
  8947 | D:8      | Reached skill level 13 in Air Magic
  9076 | D:8      | Noticed a two-headed ogre
  9369 | D:8      | Noticed a two-headed ogre
  9375 | D:8      | Killed a two-headed ogre
  9551 | D:8      | Found a staircase to the Lair.
 10508 | D:8      | Found an opulent altar of Gozag.
 10771 | D:8      | Killed a two-headed ogre
 10771 | D:8      | Reached skill level 5 in Invocations
 10771 | D:8      | Reached XP level 11. HP: 54/54 MP: 7/22
 10783 | D:8      | Learned a level 3 spell: Mephitic Cloud
 10786 | D:8      | Learned a level 2 spell: Blink
 11069 | D:9      | Reached skill level 14 in Air Magic
 11642 | D:8      | Noticed a two-headed ogre
 11647 | D:8      | Killed a two-headed ogre
 11813 | D:9      | Noticed Psyche
 12824 | D:9      | Noticed a two-headed ogre
 12827 | D:9      | Killed a two-headed ogre
 13130 | D:10     | Entered Level 10 of the Dungeon
 13262 | D:10     | Noticed Josephine
 13524 | D:10     | Killed Josephine
 13524 | D:10     | Reached ***** piety under Sif Muna
 13524 | D:10     | Identified Sif Muna's Volume of the Icy Arsonist (Sif Muna gifted it to you on level 10 of the Dungeon)
 13524 | D:10     | Received a gift from Sif Muna
 13556 | D:10     | Noticed Monsterracer's ghost (journeyman DDEE)
 13759 | D:9      | Learned a level 6 spell: Freezing Cloud
 14017 | D:10     | Found a staircase to the Orcish Mines.
 14074 | D:10     | Got a faintly glowing robe
 14075 | D:10     | Identified the +1 robe of the Beggar {rF+ rC+ Str-4} (You found it on level 10 of the Dungeon)
 14135 | D:10     | Gained mutation: Your mind is acute. (Int +2) [potion of mutation]
 14135 | D:10     | Gained mutation: Your magical capacity is low. (-10% MP) [potion of mutation]
 14135 | D:10     | Gained mutation: You possess an exceptional clarity of mind. [potion of mutation]
 14136 | D:10     | Lost mutation: Your mind is acute. (Int +2) [potion of mutation]
 14136 | D:10     | Lost mutation: Your magical capacity is low. (-10% MP) [potion of mutation]
 14136 | D:10     | Gained mutation: Your flesh is cold resistant. (rC+) [potion of mutation]
 14136 | D:10     | Gained mutation: You are covered in fur. (AC +1) [potion of mutation]
 14136 | D:10     | Gained mutation: Your system is resistant to poisons. (rPois) [potion of mutation]
 14281 | D:11     | Reached skill level 15 in Air Magic
 14617 | D:11     | Noticed skittles's ghost (journeyman DrFE)
 14868 | D:11     | HP: 2/54 [skittles's ghost/bolt of magma (22)]
 14872 | D:11     | Killed from afar by skittles's ghost

Skill      XL: |  1  2  3  4  5  6  7  8  9 10 11 |
---------------+----------------------------------+-----
Conjurations   | 2 3 4 6 7 9 10 | 10.9
Air Magic      | 5 6 7 9 11 13 15 | 15.2
Spellcasting   | 5 7 9 |  9.1
Invocations    | 5 6 |  6.3
Dodging        | |  2.1
Stealth        | |  2.0

Action                   |  1- 3 |  4- 6 |  7- 9 | 10-12 || total
-------------------------+-------+-------+-------+-------++-------
Melee: Unarmed           |     6 |       |       |       ||     6
       Dagger            |    23 |    18 |       |       ||    41
       Kick              |     5 |     2 |     3 |    10 ||    20
       Peck              |     5 |     2 |     4 |     3 ||    14
       Quarterstaff      |       |       |    21 |    10 ||    31
       Staff             |       |       |       |    17 ||    17
 Cast: Shock             |    66 |    67 |   123 |    37 ||   293
       Static Discharge  |       |     5 |    23 |    14 ||    42
       Airstrike         |       |       |    70 |   169 ||   239
       Lightning Bolt    |       |       |    14 |    35 ||    49
       Freezing Cloud    |       |       |       |     8 ||     8
       Mephitic Cloud    |       |       |       |     2 ||     2
       Blink             |       |       |       |     1 ||     1
Invok: Divine Energy     |       |       |     2 |       ||     2
       Stop Divine Energ |       |       |     1 |       ||     1
       Channel Magic     |       |       |       |     4 ||     4
  Use: Potion            |     1 |     4 |     1 |     6 ||    12
       Scroll            |     4 |     1 |    13 |    15 ||    33
  Eat: Chunk             |     3 |     6 |    17 |    11 ||    37
       Bread ration      |       |       |     2 |     5 ||     7
       Royal jelly       |       |       |     1 |       ||     1
       Meat ration       |       |       |     1 |     6 ||     7
Armor: Robe              |     2 |    10 |    16 |    24 ||    52
Dodge: Dodged            |    24 |    22 |    50 |    55 ||   151
